 Dungeon Crawl Stone Soup version 0.17-a0-1718-g72dbe4d (webtiles) character file.

38 urechis the Poker (level 3, 29/29 HPs)
             Began as a Demonspawn Fighter on Aug 24, 2015.
             Quit the game on level 2 of the Dungeon.
             The game lasted 00:01:37 (940 turns).

urechis the Poker (Demonspawn Fighter)               Turns: 940, Time: 00:01:37

Health: 29/29      AC:  8    Str: 17    XL:     3   Next: 25%
Magic:  3/3        EV:  6    Int:  9    God:
Gold:   61         SH:  8    Dex: 12    Spells: 0 memorised, 2 levels left

rFire  . . .     SeeInvis .     a - +0 trident
rCold  . . .     Clarity  .     b - +0 scale mail
rNeg   . . .     SustAt   .     c - +0 shield
rPois  .         Gourm    .     (helmet restricted)
rElec  .         Spirit   .     (no cloak)
rCorr  .         Warding  .     h - +1 pair of gloves
rMut   .         Stasis   .     (no boots)
MR     .....                    (no amulet)
Stlth  ..........               (no ring)
                                (no ring)

@: not resistant to hostile enchantments, extremely unstealthy
A: horns 1, demonic guardian 1
a: no special abilities


You were on level 2 of the Dungeon.
You were not hungry.

You visited 1 branch of the dungeon, and saw 2 of its levels.

You collected 61 gold pieces.

Inventory:

Hand weapons
 a - a +0 trident (weapon)
Armour
 b - a +0 scale mail (worn)
 c - a +0 shield (worn)
 h - a +1 pair of gloves (worn)
Scrolls
 f - 2 scrolls of identify {unknown}
 i - 2 scrolls of remove curse {unknown}
 k - a scroll of teleportation {unknown}
 l - a scroll of blinking {unknown}
 m - a scroll of random uselessness {unknown}
Potions
 d - a potion of might
 g - a potion of degeneration {unknown}
 j - a potion of curing {unknown}
Comestibles
 e - 2 bread rations


   Skills:
 - Level 3.0 Fighting
 + Level 3.3 Polearms
 - Level 2.6 Armour
 - Level 2.8 Shields


You had 2 spell levels left.
You didn't know any spells.

Dungeon Overview and Level Annotations

Branches:
Dungeon (2/15)

Altars:
Ashenzari


Innate Abilities, Weirdness & Mutations

You have a pair of small horns on your head.
A weak demonic guardian rushes to your aid.


Message History

No target in view!
There is an open door here.
The giant cockroach is too close now for your liking.
Things that are here:
a fizzy dark potion; a bread ration Failed to move towards target.
Failed to move towards target.
Failed to move towards target.
Failed to move towards target.
A giant cockroach is nearby!
A giant cockroach is nearby!
A giant cockroach is nearby!
A giant cockroach is nearby!
There is an open door here.
Quiver which item? (- for none, * to show all) (? for menu, Esc to quit)
Okay, then.
Unknown command.
Quiver which item? (- for none, * to show all) (? for menu, Esc to quit)
Okay, then.
Are you sure you want to abandon this character and quit the game? (Confirm with "yes".)

#....#.#...#.........
+...<#.#.#.#.........
#.....#.....#...........
......#.....#.....#######
......##...##.....###...####
.......#...#...............#
#.....(##.##.........)......
# #....#.#....###..........
#.####@.###............
..###!..###..............
.$....#._.#.......†........
....###...###..............
.. #.#####.###............
#....#.#....###..........
....##.##................
.... ...#[......#######..
...# ...##......# #


There were no monsters in sight!

Vanquished Creatures
  An adder (D:2)
  A ball python (D:1)
  3 bats (D:1)
  2 giant cockroaches (D:1)
  2 goblins (D:1)
  4 hobgoblins (D:1)
  6 jackals (D:1)
  A giant newt (D:1)
  3 kobolds (D:1)
  5 rats (D:1)
28 creatures vanquished.

Vanquished Creatures (others)
  A giant gecko (D:1)
1 creature vanquished.

Grand Total: 29 creatures vanquished

Notes
Turn   | Place    | Note
--------------------------------------------------------------
     0 | D:1      | urechis the Demonspawn Fighter began the quest for the Orb.
     0 | D:1      | Reached XP level 1. HP: 18/18 MP: 1/1
     2 | D:1      | Noticed a merfolk
     2 | D:1      | Noticed an ogre
     4 | D:1      | Noticed a tengu
     6 | D:1      | Noticed a ghoul
     6 | D:1      | Noticed a minotaur
     8 | D:1      | Noticed a formicid
     8 | D:1      | Noticed a demigod
    10 | D:1      | Noticed a demonspawn
    12 | D:1      | Noticed a draconian
    12 | D:1      | Noticed a gargoyle
    14 | D:1      | Noticed a troll
    16 | D:1      | Noticed a dwarf
    16 | D:1      | Noticed a vampire
    18 | D:1      | Noticed a felid
    20 | D:1      | Noticed an octopode
    20 | D:1      | Noticed a spriggan
    22 | D:1      | Noticed a naga
    24 | D:1      | Noticed a human
    24 | D:1      | Noticed a centaur
    26 | D:1      | Noticed a vine stalker
    26 | D:1      | Noticed an elf
   245 | D:1      | Gained mutation: You have a pair of small horns on your head. [demonic ancestry]
   245 | D:1      | Reached XP level 2. HP: 24/24 MP: 2/2
   599 | D:1      | Gained mutation: A weak demonic guardian rushes to your aid. [demonic ancestry]
   599 | D:1      | Reached XP level 3. HP: 29/29 MP: 3/3
   886 | D:2      | Found a shattered altar of Ashenzari.
   940 | D:2      | Quit the game

Vault maps used:
D:1:      kb_arrival_jail, serial_forest, infiniplex_forest_clump_cross,
          infiniplex_forest_lined_corner, infiniplex_forest_lined_corner,
          infiniplex_forest_clump_medium, infiniplex_forest_lined_room_2,
          infiniplex_forest_lined_room_2, infiniplex_forest_end_3,
          infiniplex_forest_lined_2, lemuel_old_faithful
D:2:      nicolae_ashenzari_panopticon, lemuel_doored_altar, uniq_jessica

Action                   || total
-------------------------++-------
Melee: Trident           ||    79
